 Dungeon Crawl Stone Soup version 0.28-a0-503-g83f2989fac (webtiles) character file.

Game seed: 1754571189028318849

9979 bande the Cleaver (level 11, -12/68 HPs)
             Began as a Gargoyle Fighter on Sept 21, 2021.
             Was the Champion of Okawaru.
             Blown up by an eye of devastation (36 damage)
             ... with a bolt of energy
             ... in a Gauntlet.
             The game lasted 00:24:20 (12672 turns).

bande the Cleaver (Gargoyle Fighter)               Turns: 12672, Time: 00:24:20

Health: -12/68     AC: 24    Str: 21    XL:     11   Next: 55%
Magic:  16/16      EV:  6    Int:  8    God:    Okawaru [******]
Gold:   1664       SH:  0    Dex: 12    Spells: 10/10 levels left

rFire   + . .      SeeInvis .   a - +1 war axe (drain)
rCold   . . .      Faith    +   c - +0 buckler
rNeg    + . .      Spirit   .   o - +0 plate armour
rPois   ∞          Reflect  .   p - +0 helmet
rElec   +          Harm     .   D - scarf {repulsion}
rCorr   .          Rampage  .   h - +0 pair of gloves
Will    .....      NoTele   +   (no boots)
Stlth   ..........              k - amulet of faith
HPRegen 0.21/turn               t - ring of protection from fire
MPRegen 0.15/turn               (no ring)

@: confused, mighty, repel missiles
A: sickness immunity, AC +8, negative energy resistance 1, electricity
resistance, torment resistance 1, petrification resistance, wild magic 2
a: Renounce Religion, Heroism, Finesse, Duel


You were in a Gauntlet.
You worshipped Okawaru.
Okawaru was exalted by your worship.
You visited 2 branches of the dungeon, and saw 12 of its levels.
You also visited: Sewer and Gauntlet.

You collected 1664 gold pieces.

Inventory:

Hand Weapons
 a - a +1 war axe of draining (weapon)
 y - a +0 flail of protection
Missiles
 z - 2 throwing nets (quivered)
Armour
 c - a +0 buckler (worn)
 h - a +0 pair of gloves (worn)
 o - a +0 plate armour (worn)
 p - a +0 helmet (worn)
 D - a scarf of repulsion (worn)
Jewellery
 k - an amulet of faith (around neck)
 l - an amulet of magic regeneration
 q - a ring of ice
 t - a ring of protection from fire (left hand)
 A - a ring of positive energy
 C - an amulet of guardian spirit
Wands
 s - a wand of acid (27)
 w - a wand of flame (60)
Scrolls
 e - 3 scrolls of amnesia
 f - 6 scrolls of teleportation
 j - a scroll of blinking
 m - a scroll of enchant armour
 n - 4 scrolls of identify
 u - a scroll of fog
Potions
 b - a potion of flight
 d - a potion of might
 g - a potion of invisibility
 i - a potion of heal wounds
 r - 2 potions of curing
 v - a potion of resistance {unknown}
 x - 3 potions of brilliance
 B - a potion of cancellation {unknown}


   Skills:
 + Level 8.0 Fighting
 + Level 10.4 Axes
 + Level 8.4 Armour
 - Level 0.1 Dodging
 + Level 6.4 Shields
 * Level 7.9 Invocations
 * Level 4.0 Evocations


You had 10 spell levels left.
You didn't know any spells.
Your spell library contained the following spells:

 Spells                   Type           Power      Damage    Failure   Level
 Magic Dart               Conj           0%         1d3       100%        1
 Sting                    Tmut/Pois      0%         1d3       100%        1
 Ensorcelled Hibernation  Hex/Ice        0%         N/A       100%        2
 Poisonous Vapours        Pois/Air       0%         N/A       100%        2
 Slow                     Hex            0%         N/A       100%        2
 Confusing Touch          Hex            0%         N/A       100%        3
 Ignite Poison            Fire/Tmut/Pois 0%         N/A       100%        3
 Mephitic Cloud           Conj/Pois/Air  0%         N/A       100%        3
 Portal Projectile        Hex/Tloc       0%         N/A       100%        3
 Vampiric Draining        Necr           0%         2d6       100%        3
 Leda's Liquefaction      Hex/Erth       0%         N/A       100%        4
 Olgreb's Toxic Radiance  Pois           0%         N/A       100%        4
 Freezing Cloud           Conj/Ice/Air   0%         6-21      100%        5
 Call Imp                 Summ           Unusable   N/A       N/A         2
 Call Canine Familiar     Summ           Unusable   N/A       N/A         3
 Tukima's Dance           Hex            Unusable   N/A       N/A         3

Dungeon Overview and Level Annotations

Branches:
Dungeon (11/15)            Temple (1/1) D:4            Lair (0/6) D:11
  Sewer (visited)         Gauntlet (1/1)
    Orc: D:9-12

Altars:
Ashenzari
Cheibriados
Dithmenos
Elyvilon
Fedhas
Gozag
Hepliaklqana
Kikubaaqudgha
Makhleb
Nemelex Xobeh
Okawaru
Qazlal
Ru
Sif Muna
Trog
Uskayaw
Vehumet
Wu Jian
Xom
Yredelemnul
Zin
The Shining One

Shops:
D:2 :   D:4 =   D:8 (

Portals:
Trove: D:10 (give +4 shadow dragon scales)

Annotations:
Gauntlet 6 transporters


Innate Abilities, Weirdness & Mutations

You are immune to sickness and miasma.
Your stone body is resilient. (AC +8)
You are immune to poison.
You resist negative energy. (rN+)
You are resistant to electric shocks. (rElec)
You are resistant to unholy torment.
You are immune to petrification.
Your spells are harder to cast, but more powerful.


Message History

You are more confused.
You feel much better. The golden eye blinks at you.
You are more confused.
You feel very mighty all of a sudden.
Unknown command.
The golden eye turns its gaze towards you.
The eye of devastation gazes at you. The bolt of energy hits you!!
The golden eye turns its gaze towards you.
Unknown command.
Unknown command.
You hit the golden eye.
The golden eye is almost dead.
You hit the eye of devastation. You drain the eye of devastation.
The jelly quivers.
The golden eye blinks at you.
You are more confused.
Unknown command.
Unknown command.
You completely miss the golden eye.
The golden eye is almost dead.
You hit the eye of devastation. You closely miss the golden eye.
The golden eye is almost dead.
You slash the eye of devastation!
Unknown command.
The golden eye blinks!
You bump into the rock wall.
You bump into the rock wall.
The golden eye blinks at you.
You are more confused.
Your plate armour prevents you from hitting the eye of devastation.
The eye of devastation is heavily wounded.
The golden eye blinks at you.
You are more confused.
The eye of devastation gazes at you. The bolt of energy hits you!!!
Ouch! That really hurt!
You die...

#...#.#..........#####
#####.#########.....≈###
≈≈≈≈#........©#......#8
#####.#############..#
....#.#.#...=©!...#..#
..#.#.#.#..##.##..#..###
#..#.#.#.##...##.#..#8#
##..#.#.#G#.....#.#..###
J#.J#©#.#@G..©....#..#
##..###.#.#.....#.#..###
##..#...#.##...##.#..#8#
..#.#...#..##.##..#..###
....#...#.........#..#
#####...###########..#
......≈......©......≈###
.....≈8≈........∩...∩#8#
......§§.....©......≈###


You could see an eye of devastation (drained), a jelly and a golden eye
(drained).

Vanquished Creatures
  A two-headed ogre (D:10)
  Pikel (D:4)
  A kobold demonologist (D:11)
  2 trolls (D:9)
  Grinder (D:4)
  Sigmund (D:4)
  3 wyverns
  12 yaks
  A steam dragon (D:8)
  3 vampire mosquitoes (D:11)
  A water moccasin (D:6)
  Duvessa (D:6)
  2 black bears
  A hornet zombie (D:7)
  2 ice beasts
  5 ogres
  6 necrophages
  5 centaurs
  2 lemures
  4 kobold brigands
  2 bullfrogs (Sewer)
  A gnoll sergeant (D:6)
  3 scorpions
  A wyvern zombie (D:7)
  A water moccasin skeleton (D:4)
  Dowan (D:6)
  6 killer bees
  8 wights
  5 howler monkeys
  5 centaur zombies
  5 orc priests
  A gnoll shaman (D:9)
  4 hounds
  A jelly (D:7)
  4 iguanas
  Natasha (thrice) (D:3)
  7 orc wizards
  A scorpion zombie (D:5)
  A hound skeleton (D:4)
  Robin (D:4)
  19 gnolls
  11 adders
  2 white imps
  3 ufetubi
  4 worms
  2 dart slugs
  16 orcs
  5 bats
  18 endoplasms
  13 giant cockroaches
  13 goblins
  12 hobgoblins
  18 quokkas
  11 ball pythons
  18 frilled lizards
  A jackal skeleton (D:4)
  A jackal zombie (D:4)
  28 kobolds
  A quokka skeleton (D:4)
  5 rats
317 creatures vanquished.

Vanquished Creatures (others)
  A plant (D:2)
  2 withered plants (Gauntlet)
3 creatures vanquished.

Grand Total: 320 creatures vanquished

Notes
Turn   | Place    | Note
-------+----------+-------------------------------------------
     0 | D:1      | bande the Gargoyle Fighter began the quest for the Orb.
     0 | D:1      | Reached XP level 1. HP: 14/14 MP: 1/1
    95 | D:1      | Reached XP level 2. HP: 8/19 MP: 2/2
   605 | D:1      | Reached skill level 2 in Axes
   652 | D:1      | Reached XP level 3. HP: 23/23 MP: 3/3
   961 | D:2      | Found a faded altar of an unknown god.
  1001 | D:2      | Got Plato's Catalogue of Transmigration
  1054 | D:2      | Found Aseski's Book Shop.
  1292 | D:2      | Reached XP level 4. HP: 27/28 MP: 4/4
  1568 | D:3      | Noticed Natasha
  1573 | D:3      | Killed Natasha
  1574 | D:3      | Reached skill level 3 in Axes
  1788 | D:3      | Found a hazy altar of Hepliaklqana.
  1790 | D:3      | Found a glowing golden altar of the Shining One.
  1790 | D:3      | Found an iron altar of Okawaru.
  1791 | D:3      | Found a blossoming altar of Fedhas.
  1803 | D:3      | Reached XP level 5. HP: 32/33 MP: 5/5
  1818 | D:3      | Became a worshipper of Warmaster Okawaru
  1880 | D:3      | Noticed Natasha
  1887 | D:3      | Killed Natasha
  1900 | D:3      | Noticed Natasha
  1901 | D:3      | Noticed a +0 short sword
  1909 | D:3      | Killed Natasha
  1968 | D:3      | Noticed a +0 falchion
  1968 | D:3      | Noticed a +0 spear
  1969 | D:3      | Noticed a +0 spear
  1969 | D:3      | Noticed a +0 short sword
  1969 | D:3      | Noticed a +0 dagger
  1969 | D:3      | Noticed a +0 falchion
  1970 | D:3      | Noticed a +0 dagger
  1981 | D:3      | Found a hide-covered altar of Uskayaw.
  2346 | D:4      | Noticed a black bear
  2360 | D:3      | Reached skill level 1 in Invocations
  2360 | D:3      | Reached XP level 6. HP: 25/38 MP: 6/6
  2360 | D:3      | Killed a black bear
  2361 | D:3      | Reached skill level 4 in Axes
  2531 | D:4      | Noticed Robin
  2540 | D:4      | Killed Robin
  2763 | D:4      | Noticed Grinder
  2777 | D:4      | Paralysed by Grinder for 6 turns
  2787 | D:4      | Paralysed by Grinder for 7 turns
  2792 | D:4      | HP: 1/38 [Grinder (1)]
  2798 | D:4      | Paralysed by Grinder for 7 turns
  2808 | D:4      | Killed Grinder
  2808 | D:4      | Reached * piety under Okawaru
  2809 | D:4      | Reached XP level 7. HP: 34/44 MP: 8/8
  2972 | D:4      | Reached skill level 5 in Axes
  2972 | D:4      | Reached skill level 5 in Armour
  2986 | D:4      | Identified the +6 short sword of Untruth {freeze, rElec rF+
                  | Str+2 Dex-3}
  3251 | D:4      | Found Enoossen's Jewellery Shoppe.
  3281 | D:4      | Noticed Pikel
  3304 | D:4      | Killed Pikel
  3304 | D:4      | Reached ** piety under Okawaru
  3305 | D:4      | Reached skill level 5 in Fighting
  3305 | D:4      | Reached skill level 6 in Axes
  3305 | D:4      | Reached XP level 8. HP: 34/49 MP: 10/10
  3306 | D:4      | Found a broken altar of Ashenzari.
  3678 | D:4      | Found a staircase to the Ecumenical Temple.
  3689 | Temple   | Entered the Ecumenical Temple
  3852 | D:4      | Noticed Sigmund
  3874 | D:4      | Killed Sigmund
  4319 | D:5      | Entered Level 5 of the Dungeon
  4456 | D:5      | Reached XP level 9. HP: 54/54 MP: 12/12
  4844 | D:4      | Reached skill level 7 in Axes
  5110 | D:5      | Reached skill level 5 in Invocations
  5120 | D:5      | Reached *** piety under Okawaru
  5374 | D:5      | Found a basalt altar of Yredelemnul.
  5993 | D:6      | Reached skill level 5 in Shields
  6114 | D:6      | Found a shimmering blue altar of Sif Muna.
  6228 | D:6      | Reached skill level 8 in Axes
  6256 | D:6      | Reached **** piety under Okawaru
  6293 | D:6      | Found an opulent altar of Gozag.
  6550 | D:6      | Found a glowing drain.
  6572 | Sewer    | Entered a sewer
  6845 | Sewer    | Reached XP level 10. HP: 60/61 MP: 14/14
  7314 | D:6      | Found an ornate altar of the Wu Jian Council.
  7345 | D:6      | Noticed Duvessa
  7345 | D:6      | Noticed Dowan
  7351 | D:6      | Killed Dowan
  7355 | D:6      | Killed Duvessa
  7356 | D:6      | Reached skill level 1 in Evocations
  7649 | D:7      | Found a stormy altar of Qazlal.
  7702 | D:7      | Gained mutation: Your spells are a little harder to cast,
                  | but a little more powerful. [potion of mutation]
  7702 | D:7      | Gained mutation: Your spells are harder to cast, but more
                  | powerful. [potion of mutation]
  8068 | D:7      | Reached skill level 9 in Axes
  8076 | D:7      | Reached ***** piety under Okawaru
  8331 | D:7      | Found a glowing silver altar of Zin.
  8334 | D:7      | Noticed an angel
  8728 | D:8      | Found Cocaanoo's Antique Weapon Emporium.
  9402 | D:9      | Received a gift from Okawaru
  9817 | D:9      | Found a sparkling altar of Nemelex Xobeh.
 10450 | D:9      | Reached XP level 11. HP: 67/67 MP: 16/16
 10862 | D:10     | Entered Level 10 of the Dungeon
 11146 | D:10     | Found a portal to a secret trove of treasure.
 11227 | D:10     | Identified a scroll of acquirement
 11227 | D:10     | Acquired 1177 gold pieces
 11492 | D:10     | Reached skill level 10 in Axes
 11963 | D:10     | Noticed a two-headed ogre
 11975 | D:10     | Killed a two-headed ogre
 11975 | D:10     | Reached ****** piety under Okawaru
 12075 | D:10     | Received a gift from Okawaru
 12522 | D:11     | Found a gate leading to a gauntlet.
 12531 | Gauntlet | Entered a Gauntlet
 12531 | Gauntlet | Found a transporter.
 12531 | Gauntlet | Found a transporter.
 12535 | Gauntlet | Found a transporter.
 12535 | Gauntlet | Found a transporter.
 12538 | Gauntlet | Noticed a sixfirhy
 12544 | Gauntlet | Found a transporter.
 12603 | Gauntlet | Found a transporter.
 12616 | Gauntlet | Found a transporter.
 12672 | Gauntlet | Blown up by an eye of devastation

Illustrated notes

Levels and vault maps discovered:
D:1:      matt_arrival_refuge, layout_rooms
D:2:      layout_rooms, shapermc_ecumenical_altar_rom_forum, serial_shops,
          nicolae_diamond_shop, kennysheep_another_room
D:3:      layout_loops_ring, nicolae_uskayaw_en_pointe,
          grunt_temple_overflow_open, uniq_natasha
D:4:      layout_loops_ring, nicolae_overflow_crystal_walls,
          minmay_temple_entry_offerings, serial_shops, shop,
          kennysheep_opposing_triangles, uniq_grinder, uniq_robin, uniq_pikel,
          uniq_sigmund
D:5:      layout_loops_ring, mainiacjoe_overflow_alcove_4, patterned_corridor
D:6:      layout_gridville, nicolae_wu_jian_glorious_leap,
          nicolae_gozag_seed_capital, mainiacjoe_overflow_six_doors_small,
          portal_sewer_entry_a, uniq_duvessa
D:7:      layout_rooms, zin_angel, grunt_qazlal_clouds, serial_undead,
          serial_undead_c, serial_undead_b, serial_undead_f, serial_undead_b
D:8:      layout_basic, serial_shops, nicolae_stop_n_shop_1
D:9:      layout_stronghold, kennysheep_little_box
D:10:     layout_loops_corners, nicolae_trove_entry_columns
D:11:     layout_basic, dpeg_lair_monsters, gauntlet_entry_generic,
          chequers_serial_rivers_marsh
Temple:   jpeg_temple_island
Gauntlet: gammafunk_gauntlet_branching [gammafunk_gauntlet_arena_split_diamond,
          gammafunk_gauntlet_arena_chambers, gammafunk_gauntlet_arena_teeth,
          nicolae_gauntlet_arena_blocks, nicolae_gauntlet_arena_flowing_pool,
          gammafunk_gauntlet_arena_mazey, gammafunk_gauntlet_arena_split_x,
          gammafunk_gauntlet_arena_corners,
          nicolae_gauntlet_exit_dead_adventurers]

Skill      XL: |  1  2  3  4  5  6  7  8  9 10 11 |
---------------+----------------------------------+-----
Axes           | 2 3 4 6 8 9 10 | 10.4
Armour         | 4 5 6 7 8 |  8.4
Fighting       | 4 5 6 7 8 |  8.0
Shields        | 4 5 6 |  6.4
Invocations    | 1 2 3 4 6 7 |  7.9
Evocations     | 2 4 |  4.0
Dodging        | |  0.1

Action                   |  1- 3 |  4- 6 |  7- 9 | 10-12 || total
-------------------------+-------+-------+-------+-------++-------
Melee: War axe           |   126 |   123 |   345 |   482 ||  1076
  Use: Scroll            |     3 |     6 |     1 |     6 ||    16
       Potion            |       |     3 |     6 |     5 ||    14
Armor: Scale mail        |    83 |    64 |       |       ||   147
       Chain mail        |       |    14 |   116 |       ||   130
       Plate armour      |       |       |   154 |   426 ||   580
Dodge: Dodged            |    62 |    48 |   113 |   190 ||   413
Block: Buckler           |    30 |    21 |    98 |   151 ||   300

Table legend: (Time is in decaauts)
 A = Elapsed time spent in this place.
 B = Non-inter-level travel time spent in this place.
 C = Inter-level travel time spent in this place.
 D = Time resting spent in this place.
 E = Time spent auto-exploring this place.
 F = Levels seen in this place.
 G = Mean time per level.
                   A        B        C        D        E       F      G
               +--------+--------+--------+--------+--------+-----+--------+
         Total |  12910 |  12749 |    161 |   2393 |   6979 |  14 |  922.1 |
       Dungeon |  12081 |  11946 |    135 |   2393 |   6674 |  11 | 1098.3 |
        Temple |     87 |     61 |     26 |      0 |     37 |   1 |   87.0 |
         Sewer |    600 |    600 |      0 |      0 |    268 |   1 |  600.0 |
      Gauntlet |    140 |    140 |      0 |      0 |      0 |   1 |  140.0 |
               +--------+--------+--------+--------+--------+-----+--------+

Top non-repeatable levels by time:
     D:4: 2063 daAuts
     D:9: 1696 daAuts
    D:10: 1513 daAuts
     D:5: 1273 daAuts
     D:6: 1170 daAuts
     D:3: 1113 daAuts
     D:7: 921 daAuts
     D:2: 835 daAuts
     D:1: 728 daAuts
     D:8: 680 daAuts
   Sewer: 600 daAuts
Gauntlet: 140 daAuts
  Temple: 87 daAuts
    D:11: 84 daAuts
